 Dungeon Crawl Stone Soup version 0.27-a0-1497-gf8f22f7954 (webtiles) character file.

Game seed: 6442611300390501646

56 Majang the Skirmisher (level 3, 0/31 HPs)
             Began as a Barachi Fighter on July 7, 2021.
             Slain by a gnoll (3 damage)
             ... on level 3 of the Dungeon.
             The game lasted 00:05:10 (1736 turns).

Majang the Skirmisher (Barachi Fighter)             Turns: 1736, Time: 00:05:11

Health: 0/31       AC:  8    Str: 18    XL:     3   Next: 95%
Magic:  3/3        EV:  7    Int:  8    God:
Gold:   147        SH:  9    Dex: 11    Spells: 2/2 levels left

rFire    . . .     SeeInvis .   a - +0 long sword
rCold    . . .     Faith    .   c - +0 kite shield
rNeg     . . .     Spirit   .   b - +0 scale mail
rPois    .         Reflect  .   (no helmet)
rElec    .         Harm     .   (no cloak)
rCorr    .         Rampage  .   (no gloves)
Will     .....                  l - +0 pair of boots
Stlth    ..........             (no amulet)
HPRegen  0.10/turn              (no ring)
MPRegen  0.08/turn              (no ring)

@: unable to hop, slow
A: amphibious, slowness 1, strong legs 1, +LOS
a: Hop


You were on level 3 of the Dungeon.
You visited 1 branch of the dungeon, and saw 3 of its levels.

You collected 147 gold pieces.

Inventory:

Hand Weapons
 a - a +0 long sword (weapon)
Missiles
 i - 6 boomerangs
 m - 30 arrows
 n - 12 bolts
Armour
 b - a +0 scale mail (worn)
 c - a +0 kite shield (worn)
 l - a +0 pair of boots (worn)
Scrolls
 f - a scroll of immolation {unknown}
 h - a scroll of identify {unknown}
 j - a scroll of magic mapping {unknown}
 k - a scroll of vulnerability {unknown}
 p - a scroll of enchant weapon {unknown}
Potions
 d - a potion of might
 e - a potion of curing {unknown}
 g - a potion of flight {unknown}
 o - a potion of brilliance {unknown}
 q - a potion of mutation {unknown}
 r - a potion of invisibility {unknown}


   Skills:
 + Level 4.3 Fighting
 * Level 4.3 Long Blades
 - Level 3.6 Armour
 - Level 3.2 Shields


You had 2 spell levels left.
You didn't know any spells.
Your spell library contained the following spells:

 Spells                   Type           Power      Damage    Failure   Level
 Summon Small Mammal      Summ           0%         N/A       99%         1
 Slow                     Hex            0%         N/A       100%        2
 Call Canine Familiar     Summ           0%         N/A       100%        3
 Confusing Touch          Hex            0%         N/A       100%        3
 Summon Guardian Golem    Hex/Summ       0%         N/A       100%        3
 Vampiric Draining        Necr           0%         2d6       100%        3


Dungeon Overview and Level Annotations

Branches:
Dungeon (3/15)

Altars:
Ru

Shops:
D:1 ?


Innate Abilities, Weirdness & Mutations

You are amphibious.
You cover ground slowly.
You can hop short distances.
You have an extended range of vision and can be seen from far away.


Message History

You see here a +0 dagger.
An endoplasm comes into view.
The endoplasm quivers.
Found a stone staircase leading down.
You slash the endoplasm!
You kill the endoplasm!
A gnoll comes into view. It is wielding a +0 spear.
The gnoll shouts!
You start waiting.
A gnoll is nearby! 3 gnolls come into view.
The gnoll shouts! x3
The gnoll hits you with a +0 spear.
You hit the gnoll.
The gnoll is moderately wounded.
The gnoll hits you with a +0 spear.
You closely miss the gnoll. You block the gnoll's attack.
The gnoll hits you from afar with a +0 spear.
You block the gnoll's attack.
You hit the gnoll.
The gnoll is moderately wounded.
You block the gnoll's attack.
The gnoll hits you but does no damage. x2
You hit the gnoll but do no damage.
The gnoll is moderately wounded.
The gnoll hits you with a +0 whip.
The gnoll hits you from afar with a +0 spear.
The gnoll hits you with a +0 whip.
Your shield prevents you from hitting the gnoll.
The gnoll is moderately wounded.
You block the gnoll's attack. The gnoll hits you with a +0 whip.
* * * LOW HITPOINT WARNING * * *
The gnoll hits you from afar with a +0 spear.
* * * LOW HITPOINT WARNING * * *
Hop to where?
Press: ? - help, Dir - move target Boing!
You see here a +0 dagger.
There is an escape hatch in the ceiling here.
The gnoll hits you with a +0 whip.
You die...

.. #.##### #.# #.# #.#
#.# ## ####.# #<# #. #
..#.#.####.####. #..
#.#.#........... #...#
#.#.######.####.
#.....###....#####.#
#. #....@gg.#.......#
#.
###.###.g†.##########.
# #.#.##..........
#.#)#..#########
#...g#.# #####..# #g.#
#..# #..#


You could see 3 gnolls.

Vanquished Creatures
  2 adders (D:2)
  2 dart slugs
  7 ball pythons
  5 bats
  4 endoplasms
  3 goblins
  2 hobgoblins (D:1)
  2 jackals (D:2)
  3 kobolds (D:2)
  A frilled lizard (D:1)
  2 rats
33 creatures vanquished.

Notes
Turn   | Place    | Note
-------+----------+-------------------------------------------
     0 | D:1      | Majang the Barachi Fighter began the quest for the Orb.
     0 | D:1      | Reached XP level 1. HP: 18/18 MP: 1/1
    44 | D:1      | Found Xuish's Magic Scroll Shoppe.
   352 | D:1      | Reached XP level 2. HP: 24/25 MP: 2/2
   524 | D:1      | Found a faded altar of an unknown god.
   825 | D:2      | Reached XP level 3. HP: 30/30 MP: 3/3
   880 | D:2      | Found a sacrificial altar of Ru.
  1723 | D:3      | HP: 1/31 [gnoll (4)]
  1736 | D:3      | Slain by a gnoll

Illustrated notes

Levels and vault maps discovered:
D:1:      scummos_arrival_simple_fountains, layout_rooms,
          basic_ecumenical_altar, serial_shops, nicolae_shop_statue_plus
D:2:      layout_basic, basic_altar, lemuel_old_faithful
D:3:      layout_loops_ring, general_overflow_altar

Skill      XL: |  1  2  3 |
---------------+----------+-----
Long Blades    | 3 4 |  4.3
Fighting       | 4 |  4.3
Armour         | |  3.6
Shields        | |  3.2

Action                   || total
-------------------------++-------
Melee: Long sword        ||   112
 Abil: Hop               ||     1
Armor: Scale mail        ||    62
Dodge: Dodged            ||    39
Block: Kite shield       ||    55
       Rpst.: Long sword ||    17

Table legend: (Time is in decaauts)
 A = Elapsed time spent in this place.
 B = Non-inter-level travel time spent in this place.
 C = Inter-level travel time spent in this place.
 D = Time resting spent in this place.
 E = Time spent auto-exploring this place.
 F = Levels seen in this place.
 G = Mean time per level.
                   A        B        C        D        E       F      G
               +--------+--------+--------+--------+--------+-----+--------+
         Total |   2005 |   1952 |     53 |    372 |   1116 |   3 |  668.3 |
       Dungeon |   2005 |   1952 |     53 |    372 |   1116 |   3 |  668.3 |
               +--------+--------+--------+--------+--------+-----+--------+

Top non-repeatable levels by time:
     D:2: 1009 daAuts
     D:1: 793 daAuts
     D:3: 201 daAuts
